[Event "*** SCC Grand Prix: Titled Tuesday Blitz"]
[Site "Chess.com"]
[Date "2020.06.02"]
[Round "5"]
[White "Andreikka"]
[Black "Dynamikus"]
[Result "0-1"]
[WhiteElo "2921"]
[BlackElo "2768"]
[TimeControl "180+1"]
[EndTime "10:59:09 PDT"]
[Termination "Dynamikus won on time"]

1. c4 Nf6 2. Nc3 e6 3. e4 d5 4.
cxd5 exd5 5. e5 Ne4 6. Nf3 Nc6 7. d4 Be7 8. Bd3 Bf5 9. O-O O-O 10. Re1 Nxc3 11. bxc3 Bxd3 12. Qxd3 Qd7 13. h3 Na5 14. Bf4 Nc4 15. Rab1 b6 16. Re2 Qe6 17. Bg5 h6 18. Bxe7 Qxe7 19. g3 Qe6 20. Kg2 Rae8 21.
Rbe1 c5 22. Nh4 g6 23. f4 Kh8 24.
Kh2 Rg8 25. Qf3 Qd7 26. Rf1 Kh7 27. f5 gxf5 28. Nxf5 Rg6 29. Nh4 Rg7 30. Qh5 Re6 31. Ref2 Kg8 32. Nf5 Rgg6 33. Nh4 Rg7 34. Rf6 Nd2 35.
R1f4 Ne4 36. Rxe6 Qxe6 37. Nf5 Rg6 38. Rg4 Kh7 39. Ne3 Rxg4 40. hxg4 Nxc3 41. Nf5 Ne4 42. Kg2 Ng5 43. Qh1 cxd4 44. Qd1 Qxe5 45. Nxd4 Qe4+ 46. Kf2 Nh3+ 47. Kf1 Qh1+ 48. Ke2 Qg2+ 49. Ke3 Qe4+ 0-1

[Event "*** SCC Grand Prix: Titled Tuesday Blitz"]
[Site "Chess.com"]
[Date "2020.06.02"]
[Round "5"]
[White "NemtsevIgor"]
[Black "Arkady_Gitelson"]
[Result "0-1"]
[WhiteElo "2304"]
[BlackElo "2485"]
[TimeControl "180+1"]
[EndTime "10:59:09 PDT"]
[Termination "Arkady_Gitelson won by checkmate"]

1. d4 g6 2. Nf3 Bg7 3. e4 d6 4.
Be2 Nc6 5. O-O Bg4 6. c3 e5 7.
Be3 Nf6 8. Nbd2 O-O 9. h3 Bd7 10. d5 Ne7 11. c4 Nh5 12. c5 Nf4 13. cxd6 Nxe2+ 14. Qxe2 cxd6 15. Nc4 Bb5 16. b3 h6 17.
a4 Be8 18. Nfd2 f5 19. f3 f4 20. Bf2 g5 21. Nb1 h5 22. Nc3 Ng6 23. Nb5 Bxb5 24.
axb5 g4 25. Kh1 Qd7 26. fxg4 f3 27. gxf3 Nf4 28. Qc2 Nxh3 29. Qe2 Nf4 30. Qd1 hxg4 31. fxg4 Bf6 32. Bg3 Qh7+ 33. Kg1 Qxe4 34. Qf3 Qd4+ 35. Bf2 Qxd5 36. Qxd5+ Nxd5 37. Nxd6 e4 38. Nxb7 Bxa1 39.
Rxa1 e3 40. Bg3 e2 41. Nd6 Nc3 42. Nf5 Ne4 43. Be1 Rad8 44. Rxa7 Rd1 45. Nh6+ Kh8 46.
Kg2 Rxe1 47. Nf5 Rg1+ 48. Kxg1 e1=Q+ 49. Kg2 Qf2+ 50. Kh3 Rxf5 51. gxf5 Qg3# 0-1

[Event "*** SCC Grand Prix: Titled Tuesday Blitz"]
[Site "Chess.com"]
[Date "2020.06.02"]
[Round "5"]
[White "mfwagnerpeixoto"]
[Black "amelia91"]
[Result "0-1"]
[WhiteElo "2261"]
[BlackElo "1972"]
[TimeControl "180+1"]
[EndTime "10:59:09 PDT"]
[Termination "amelia91 won on time"]

1. e4 c5 2. Nf3 d6 3. d4 cxd4 4. Nxd4 Nf6 5. Nc3 Nc6 6. Bg5 e6 7. Qd2 Bd7 8. O-O-O a6 9. f4 Qc7 10. Kb1 b5 11. Bxf6 gxf6 12. f5 b4 13. Nce2 a5 14.
Nb5 Qb8 15. Nxd6+ Bxd6 16. Qxd6 Qxd6 17. Rxd6 Ke7 18. Rd1 Rac8 19. Nf4 Ne5 20. Be2 Rc5 21. Rhe1 Rhc8 22. Rc1 exf5 23. Nd5+ Ke6 24. Nb6 R8c7 25. Nd5 Rc8 26. Nf4+ Ke7 27. exf5 Bxf5 28. Nd3 Bxd3 29. Bxd3 h6 30. b3 Kf8 31. Be4 a4 32. bxa4 Ra5 33.
Bd5 Rxa4 34. Bb3 Ra5 35. Re4 Rb8 36. Rf1 Ke7 37. Rff4 Rab5 38. Kb2 Rg8 39. g3 h5 40.
Re2 Rgb8 41. Ref2 R8b6 42. Rf5 Nd7 43. Rxb5 Rxb5 44. Ba4 Rd5 0-1

[Event "*** SCC Grand Prix: Titled Tuesday Blitz"]
[Site "Chess.com"]
[Date "2020.06.02"]
[Round "5"]
[White "Tayson_7"]
[Black "Gajuchess"]
[Result "0-1"]
[WhiteElo "2595"]
[BlackElo "2776"]
[TimeControl "180+1"]
[EndTime "10:59:10 PDT"]
[Termination "Gajuchess won by resignation"]

1. e4 c6 2. d4 d5 3. exd5 cxd5 4. Nf3 Nc6 5. Ne5 e6 6. Bb5 Bd7 7. Nxd7 Qxd7 8. c3 Bd6 9. O-O Nf6 10. Nd2 O-O 11.
Re1 Qc7 12. g3 a6 13. Bd3 b5 14. Nf3 b4 15. Bg5 bxc3 16. Bxf6 gxf6 17. bxc3 Ne7 18. Qd2 Kg7 19. Rac1 Rfc8 20. c4 dxc4 21. Rxc4 Qb6 22. Rxc8 Rxc8 23. Rb1 Qc6 24. Qe2 a5 25. Nd2 f5 26.
Nc4 Bc7 27. Ne5 Qd6 28. Bc4 Bb6 29. Rd1 Bxd4 30. Nf3 Bxf2+ 31. Kg2 Qc5 32. Bxe6 fxe6 33. Qxe6 Rc6 34. Qe2 Be3 35. Rd3 f4 36. gxf4 Rg6+ 37. Kh1 Bxf4 38. Rd7 Qc1+ 39. Rd1 Qc7 40. Qb2+ Kg8 41.
Qb3+ Kf8 42. Qb2 Rg7 43. Qf6+ Rf7 44. Qh8+ Ng8 45. Rg1 Rg7 46. Rd1 Kf7 47. Nd4 Qb7+ 0-1

[Event "*** SCC Grand Prix: Titled Tuesday Blitz"]
[Site "Chess.com"]
[Date "2020.06.02"]
[Round "5"]
[White "Barmen_EV"]
[Black "LiamPutnam2008"]
[Result "0-1"]
[WhiteElo "2371"]
[BlackElo "2529"]
[TimeControl "180+1"]
[EndTime "10:59:10 PDT"]
[Termination "LiamPutnam2008 won on time"]

1. d4 Nf6 2. c4 e6 3. Nc3 Bb4 4. e3 c5 5. a3 Bxc3+ 6. bxc3 O-O 7. Bd3 d6 8. Ne2 Nc6 9. e4 e5 10. O-O Re8 11. Bg5 h6 12. Bh4 exd4 13. f3 dxc3 14. Nxc3 Be6 15. Qd2 Ne5 16. Nd5 Bxd5 17. cxd5 Nxd3 18.
Qxd3 Rc8 19. Rab1 b6 20. Qa6 g5 21. Bg3 Qd7 22. a4 Nh5 23. a5 Nxg3 24. hxg3 bxa5 25. Rb7 Rc7 26. Rfb1 c4 27. Qxa7 Rec8 28. Rxc7 Qxc7 29. Qxc7 Rxc7 30. Kf2 a4 31. Ke2 Kg7 32. Kd2 c3+ 33.
Kc2 Kf6 34. f4 a3 35. Ra1 Ra7 36. Kxc3 Ra4 37. Kd3 a2 38. Ke3 Kg6 39. Kf3 h5 40. e5 dxe5 41. fxe5 Kf5 42. d6 Ra3+ 43. Kf2 Ke6 44. g4 hxg4 45. Ke2 g3 46. Kd2 g4 47.
Kc2 f6 0-1

[Event "*** SCC Grand Prix: Titled Tuesday Blitz"]
[Site "Chess.com"]
[Date "2020.06.02"]
[Round "5"]
[White "Shtembuliak"]
[Black "DaggiGretarsson"]
[Result "0-1"]
[WhiteElo "2876"]
[BlackElo "2681"]
[TimeControl "180+1"]
[EndTime "10:59:11 PDT"]
[Termination "DaggiGretarsson won by checkmate"]

1. c4 g6 2. Nc3 Bg7 3. d4 e6 4. Nf3 Ne7 5. Bf4 d5 6. e3 O-O 7. Be2 a6 8. cxd5 exd5 9. O-O Re8 10. b4 c6 11. a4 Nf5 12. Qb3 Be6 13. Rfc1 h6 14.
h3 Nd7 15. Bf1 b5 16. Ra2 Nb6 17. Rca1 Rc8 18. axb5 axb5 19. Ne5 Nc4 20. Nd3 Nfd6 21. Nc5 Bf5 22. Ra7 g5 23. Bh2 Nxe3 24. fxe3 Rxe3 25. Rd1 Nc4 26. Kh1 g4 27. Bg1 gxh3 28. Bxe3 Nxe3 29. Ne2 Nxd1 30. Qxd1 hxg2+ 31. Bxg2 Qh4+ 32. Kg1 Re8 33. Ra3 Bg4 34. Bf3 h5 35. Qf1 Bh6 36. Qf2 Qh3 37. Bxg4 Qxa3 38. Kg2 hxg4 39. Nd7 Qh3+ 40. Kg1 Be3 41.
Nf6+ Kf8 42. Nxe8 Bxf2+ 43. Kxf2 Qf3+ 44. Ke1 Kxe8 45. Ng1 Qe3+ 46. Kf1 g3 47. Kg2 Qf2+ 48. Kh3 Qxg1 49. Kg4 Qh2 50. Kf5 g2 51. Kf6 g1=Q 52. Kf5 Qhf2+ 53. Ke5 Qgg3# 0-1

[Event "*** SCC Grand Prix: Titled Tuesday Blitz"]
[Site "Chess.com"]
[Date "2020.06.02"]
[Round "5"]
[White "GHANDEEVAM2003"]
[Black "AnthonyWirig"]
[Result "1-0"]
[WhiteElo "2954"]
[BlackElo "2703"]
[TimeControl "180+1"]
[EndTime "10:59:11 PDT"]
[Termination "GHANDEEVAM2003 won on time"]

1. c4 c5 2. Nf3 g6 3. d4 cxd4 4. Nxd4 Nf6 5. Nc3 Nc6 6. e4 d6 7. Be2 Nxd4 8. Qxd4 Bg7 9. Be3 O-O 10. Qd2 Be6 11.
O-O Qa5 12. Rfd1 Rfc8 13. b3 a6 14. a4 Nd7 15. Rdc1 Nc5 16. Bxc5 dxc5 17. Ra2 Rd8 18. Qe1 Bd4 19. Nd5 Qxe1+ 20. Rxe1 Kf8 21. g3 Bd7 22. Nb6 Rab8 23. Kg2 Bc6 24. Bf3 Be5 25. Re3 e6 26. a5 Kg7 27. Kf1 h5 28. Bg2 Bd4 29. Re1 Bc3 30. Rc1 Bb4 31. e5 Rd3 32. Rb1 Bxg2+ 33.
Kxg2 Rbd8 34. Na4 g5 35. Re2 Kg6 36. h3 Rd2 37. Re3 Ra2 38. Rf3 Rdd2 39. Rf1 Kg7 40.
h4 gxh4 41. gxh4 Rd4 42. Rg3+ Kh6 43. Kh3 Rf4 44. f3 Rf5 45. f4 Bd2 46. Rgf3 Bb4 47. Rg1 Bxa5 48. Rg8 1-0

[Event "*** SCC Grand Prix: Titled Tuesday Blitz"]
[Site "Chess.com"]
[Date "2020.06.02"]
[Round "5"]
[White "nihalsarin"]
[Black "DanielDardha2005"]
[Result "0-1"]
[WhiteElo "2990"]
[BlackElo "2673"]
[TimeControl "180+1"]
[EndTime "10:59:12 PDT"]
[Termination "DanielDardha2005 won by resignation"]

1. e4 c5 2. Nc3 a6 3. d4 cxd4 4. Qxd4 Nc6 5. Qe3 g6 6. Nf3 Bg7 7. Bd3 d6 8. O-O Nf6 9. h3 O-O 10. Qg5 b5 11. Qh4 b4 12. Nd5 e6 13. Nxf6+ Qxf6 14. Bg5 Qxb2 15. Rab1 Qc3 16. Bh6 Bxh6 17.
Qxh6 Qg7 18. Qf4 e5 19. Qe3 Be6 20. Qb6 Rfc8 21. Bxa6 Rab8 22. Qe3 Rc7 23. a3 bxa3 24.
Qxa3 Rxb1 25. Rxb1 Qf8 26. Bd3 Qe7 27. Rb6 Kg7 28.
Qa6 Ra7 29. Qb5 Ra1+ 30. Kh2 Qf6 31. Be2 Nd4 32. Qd3 Qf4+ 33. g3 Qc1 34. Bd1 Nxf3+ 35. Qxf3 Qxd1 36. Qxd1 Rxd1 37. Rc6 d5 38. f3 dxe4 39.
fxe4 Rd2+ 40. Kg1 Bxh3 41. c4 Rg2+ 42. Kh1 Rxg3 43. Kh2 Rc3 44. Rc7 Be6 45. c5 Kf6 46. Kg2 Rc4 47. Kf3 g5 48. Ke3 h5 49. c6 h4 50. Kd3 h3 0-1

[Event "*** SCC Grand Prix: Titled Tuesday Blitz"]
[Site "Chess.com"]
[Date "2020.06.02"]
[Round "5"]
[White "ErikRonka"]
[Black "Arek_pacitan"]
[Result "1-0"]
[WhiteElo "2403"]
[BlackElo "2534"]
[TimeControl "180+1"]
[EndTime "10:59:12 PDT"]
[Termination "ErikRonka won by checkmate"]

1. d4 Nf6 2. Nc3 e6 3. e4 d5 4. e5 Nfd7 5. f4 c5 6. Nf3 Nc6 7. Be3 Qb6 8. Na4 Qa5+ 9. c3 cxd4 10. b4 Qc7 11. Nxd4 Nxd4 12. Bxd4 b6 13. Rc1 Bb7 14. a3 Be7 15. Bd3 O-O 16. O-O Rac8 17. Nb2 Qb8 18. Qh5 g6 19. Qh6 Rfd8 20. Nd1 Bf8 21. Qh4 Rc4 22. Ne3 Rdc8 23. Ng4 a5 24. Bxc4 dxc4 25. Nf6+ Nxf6 26. exf6 Qa8 27. Qg5 axb4 28. axb4 Qa2 29.
Rf2 Qa3 30. Rcf1 Rd8 31. f5 exf5 32. Rxf5 Qa8 33. R5f2 Rd5 34. Qg3 b5 35. Re2 Rd8 36. Rfe1 Bc6 37. h4 h5 38. Qg5 Rd5 39. Re5 Rd8 40. Bc5 Kh7 41. Bxf8 Rxf8 42. Re7 Qa3 43. Qe3 Qb2 44. Re2 Qb1+ 45. Kh2 Qf5 46. Qg5 Qd3 47. Qc5 Ba8 48. R7e3 Qd8 49. Qe7 Qb8+ 50. Qe5 Qc8 51. Qf4 Qb7 52. Re5 Qc6 53. Rxh5+ gxh5 54. Qf5+ Kh6 55. Qg5+ Kh7 56. Qg7# 1-0

[Event "*** SCC Grand Prix: Titled Tuesday Blitz"]
[Site "Chess.com"]
[Date "2020.06.02"]
[Round "5"]
[White "timedothwasteme"]
[Black "Gerodot71"]
[Result "0-1"]
[WhiteElo "2150"]
[BlackElo "2353"]
[TimeControl "180+1"]
[EndTime "10:59:12 PDT"]
[Termination "Gerodot71 won by checkmate"]

1. e4 e5 2. Nf3 Nc6 3. Bc4 Nf6 4. d3 h6 5. c3 d6 6. Na3 g5 7. Nc2 Bg7 8. O-O O-O 9. Ne3 Be6 10. Bb3 Qc8 11.
Re1 Ne7 12. Qc2 Ng6 13. d4 g4 14. Nd2 h5 15. Ndc4 h4 16. dxe5 dxe5 17. Nf5 Re8 18. Bg5 a5 19. a4 Ra6 20. Nxh4 Nxh4 21. Bxh4 Nd7 22. Ne3 Nc5 23. Bxe6 Qxe6 24. Nf5 Qg6 25. Rad1 Rae6 26. Rd5 b6 27. b4 Nb7 28. bxa5 Nxa5 29. c4 Nb7 30. Rd7 Bf6 31. Bxf6 Qxf6 32. Rxc7 Nc5 33.
Ne3 Qg5 34. Nd5 Kg7 35. Qe2 Nb3 36. Ne3 Nd4 37. Qxg4 Qxg4 38. Nxg4 Ra8 39. f3 Rxa4 40. Rb1 Ra2 41. Ne3 Rg6 42. Nf5+ Nxf5 43. exf5 Rgxg2+ 44. Kf1 Rxh2 45. Kg1 Rag2+ 46. Kf1 Rc2 47. Kg1 Rhd2 48. Rc6 Rg2+ 49. Kh1 Rg3 50. Rcxb6 Rxc4 51. f6+ Kg6 52.
Rb8 Rh4# 0-1

[Event "*** SCC Grand Prix: Titled Tuesday Blitz"]
[Site "Chess.com"]
[Date "2020.06.02"]
[Round "5"]
[White "ShapkinAnatoliy"]
[Black "baki83"]
[Result "0-1"]
[WhiteElo "2584"]
[BlackElo "2834"]
[TimeControl "180+1"]
[EndTime "10:59:13 PDT"]
[Termination "baki83 won on time"]

1. d4 Nf6 2. c4 e6 3. g3 d5 4. Nf3 Be7 5. Bg2 O-O 6. O-O dxc4 7.
Qc2 b6 8. Qxc4 Ba6 9. Qc2 c5 10.
Rd1 Nbd7 11. Nc3 Bb7 12. dxc5 bxc5 13. b3 Qa5 14. Bb2 Rfc8 15. Nd2 Bxg2 16. Kxg2 Nb6 17. Nce4 Nxe4 18. Qxe4 Qb4 19. Rac1 Qxe4+ 20. Nxe4 c4 21. Bd4 Ba3 22. Rc2 cxb3 23. Rxc8+ Rxc8 24. axb3 Rd8 25. Rd2 Bb4 26. Bxb6 Rxd2 27. Nxd2 axb6 28. Nc4 b5 29. Ne5 f6 30. Nd3 Bd6 31. e4 Kf7 32. f4 Ke7 33.
Kf3 Kd7 34. e5 fxe5 35. fxe5 Be7 36. Ke4 Kc6 37. Nf4 Kd7 38. Nd3 g5 39. g4 Kc6 40.
Kd4 Bd8 41. Ke4 Bb6 42. h3 Bg1 43. Ne1 h6 44. Nd3 Bc5 45. Nc1 Bb4 46. Nd3 Bc3 47. b4 Kd7 48. Ke3 Kc7 49. Ke4 Kc6 50. Ke3 Kd5 51.
Ke2 Bxe5 52. Ke3 Bc3 53. Kf3 e5 0-1

[Event "*** SCC Grand Prix: Titled Tuesday Blitz"]
[Site "Chess.com"]
[Date "2020.06.02"]
[Round "5"]
[White "Happy1712Drummer"]
[Black "GMKrikor"]
[Result "1-0"]
[WhiteElo "2455"]
[BlackElo "2732"]
[TimeControl "180+1"]
[EndTime "10:59:13 PDT"]
[Termination "Happy1712Drummer won by resignation"]

1. d4 Nf6 2. c4 g6 3. Nc3 d5 4. Nf3 Bg7 5. Bg5 dxc4 6. e3 Be6 7. Nd2 Nd5 8. Nxc4 c5 9. Nb5 O-O 10. dxc5 Na6 11. Be2 Nxc5 12. O-O a6 13. Nd4 Bd7 14. Rc1 Ne4 15. Bh4 g5 16. Bg3 Nxg3 17. hxg3 Rc8 18.
Bf3 e6 19. Qd2 Qe7 20. Bxd5 exd5 21. Nb6 Rxc1 22. Rxc1 Be6 23. Qc3 Qf6 24. Qc7 h5 25.
Qxb7 h4 26. Nxd5 Bxd5 27. Qxd5 hxg3 28. fxg3 Qb6 29. b3 Rd8 30. Qxg5 Qf6 31. Qxf6 Bxf6 32.
Rd1 Rc8 33. Rd2 Rc1+ 34. Kf2 a5 35. Kf3 Rf1+ 36. Rf2 Rb1 37. Rc2 Kg7 38. Nf5+ Kg6 39. g4 Kg5 40. Ng3 Kg6 41. Ne4 Be5 42.
Rc6+ Kg7 43. Rc5 f6 44. Rxa5 Rf1+ 45. Ke2 Rg1 46. Kf2 Rb1 47. g5 Ba1 48. Ra7+ Kg6 49. gxf6 Rb2+ 1-0

[Event "*** SCC Grand Prix: Titled Tuesday Blitz"]
[Site "Chess.com"]
[Date "2020.06.02"]
[Round "5"]
[White "Khazieva_Elza"]
[Black "MartinCerveny"]
[Result "1-0"]
[WhiteElo "2281"]
[BlackElo "2452"]
[TimeControl "180+1"]
[EndTime "10:59:13 PDT"]
[Termination "Khazieva_Elza won by resignation"]

1. e4 c5 2. Nf3 d6 3. d3 Nf6 4. g3 g6 5. Bg2 Bg7 6. O-O O-O 7. Re1 Nc6 8. e5 dxe5 9. Nxe5 Nxe5 10. Rxe5 Nd7 11. Re1 Rb8 12. a4 b6 13. a5 Bb7 14.
Bxb7 Rxb7 15. a6 Rc7 16. Nc3 Nf6 17. Nb5 Rd7 18. Qf3 Nd5 19. Rd1 e6 20. h4 h6 21. c3 Qe7 22. d4 cxd4 23. Nxd4 Rc8 24. Be3 Kh7 25. Nb5 Nxe3 26. Qxe3 Rc5 27. Nd4 Rcd5 28.
Rd2 Bxd4 29. Rxd4 Rxd4 30. cxd4 Qd6 31. Rc1 b5 32. Qa3 Kg7 33. Qa5 Qxd4 34. Qxb5 Rd5 35. Qb7 Rd7 36. Rc7 Rxc7 37. Qxc7 e5 38. Qb7 e4 39. Kg2 g5 40. hxg5 hxg5 41. Qb5 Kg6 42. Qb3 g4 43. Qb5 e3 44. Qc6+ f6 45. Qe8+ Kf5 46.
Qxe3 Qxb2 47. Qxa7 Qa3 48. Qb7 Kg5 49. a7 f5 50. a8=Q Qe7 51. Qxe7+ 1-0

[Event "*** SCC Grand Prix: Titled Tuesday Blitz"]
[Site "Chess.com"]
[Date "2020.06.02"]
[Round "5"]
[White "Slovak_fighter2000"]
[Black "lucachess49"]
[Result "1-0"]
[WhiteElo "2443"]
[BlackElo "2193"]
[TimeControl "180+1"]
[EndTime "10:59:13 PDT"]
[Termination "Slovak_fighter2000 won by checkmate"]

1. d4 Nf6 2. Bf4 e6 3. Nf3 b6 4. e3 Bb7 5. Nbd2 d6 6. Bd3 Nbd7 7. Qe2 Qe7 8. Bg3 g6 9. c3 Bg7 10. e4 O-O 11. O-O e5 12. Rfe1 Nh5 13. dxe5 Nxg3 14. hxg3 Nxe5 15. Nxe5 Qxe5 16. Nf3 Qe7 17. Ba6 Bc6 18.
Bb5 Bb7 19. Ba6 Bxa6 20. Qxa6 Rfe8 21. Rad1 Qd7 22. e5 d5 23. c4 c6 24. cxd5 cxd5 25.
Rd3 Rad8 26. a4 Qc7 27. Qb5 Qc4 28. Red1 Qxb5 29. axb5 Bxe5 30. Rxd5 Rxd5 31. Rxd5 Bxb2 32. Rd7 Ra8 33. Rb7 Bf6 34. Nd2 Bd8 35. Nc4 a5 36.
bxa6 Rxa6 37. Ne5 Bf6 38. Nxf7 Bd4 39. Nh6+ Kh8 40. Ng4 Ra1+ 41. Kh2 Ra2 42. f3 Rb2 43. f4 b5 44. Kh3 b4 45. Ne5 b3 46. Nf7+ Kg8 47. Ng5 Rb1 48. Rb8+ Kg7 49. Rb7+ Kf6 50. Rf7# 1-0

[Event "*** SCC Grand Prix: Titled Tuesday Blitz"]
[Site "Chess.com"]
[Date "2020.06.02"]
[Round "5"]
[White "ChessAintFun"]
[Black "Flawless_Fighter"]
[Result "0-1"]
[WhiteElo "2636"]
[BlackElo "2481"]
[TimeControl "180+1"]
[EndTime "10:59:14 PDT"]
[Termination "Flawless_Fighter won by resignation"]

1. e4 c6 2. d4 d5 3. e5 Bf5 4. Be3 e6 5. Nd2 Ne7 6. Ngf3 Nd7 7. Be2 Ng6 8. O-O f6 9. exf6 Qxf6 10. Re1 Bd6 11. Nf1 O-O 12. Bg5 Qf7 13. Ng3 Be4 14. Be3 Nf4 15. Ng5 Qg6 16. N5xe4 dxe4 17. Bg4 Rae8 18.
Bxf4 Rxf4 19. Bh5 Qh6 20. Bxe8 Nf6 21. Bh5 Rh4 22. h3 Bxg3 23. fxg3 Rxh5 24. g4 Rd5 25. c3 c5 26. Qb3 cxd4 27. cxd4 Qf4 28. Qxb7 h5 29. Qc8+ Kf7 30. gxh5 e3 31. Rad1 Qf2+ 32.
Kh1 e2 33. Rc1 Rd7 34. Qc4 Nxh5 35. Qc3 Ng3+ 36. Kh2 Nf1+ 37. Kh1 Ne3 38. Rg1 Rd5 39. Qe1 Rf5 40. Qxf2 Rxf2 41. Rce1 Nf1 42. b4 Kf6 43.
a4 Kf5 44. Rxe2 Ng3+ 45. Kh2 Nxe2 46. Rb1 Nxd4 47. b5 Ra2 48. Rb4 e5 49. Rc4 Ke4 50. Kg3 Kd5 51. Rc7 Ra3+ 52. Kf2 Rxa4 53. Rd7+ Ke4 54. Rxg7 Ra2+ 55. Kg3 Nf5+ 0-1

[Event "*** SCC Grand Prix: Titled Tuesday Blitz"]
[Site "Chess.com"]
[Date "2020.06.02"]
[Round "5"]
[White "olksuna"]
[Black "Alohamora11"]
[Result "0-1"]
[WhiteElo "2569"]
[BlackElo "2422"]
[TimeControl "180+1"]
[EndTime "10:59:14 PDT"]
[Termination "Alohamora11 won on time"]

1. e4 c5 2. Nf3 g6 3. c3 Bg7 4.
d4 cxd4 5. cxd4 d5 6. e5 Bg4 7.
Bb5+ Nd7 8. Nc3 e6 9. h3 Bxf3 10.
Qxf3 a6 11. Bd3 Ne7 12. O-O O-O 13. Ne2 Nc6 14. Be3 Qb6 15. a3 f6 16. exf6 Nxf6 17. Qg3 Rae8 18. b4 Nh5 19. Qg4 e5 20. dxe5 Qc7 21.
f4 Bh6 22. Bc5 Rf7 23. Bxg6 hxg6 24. Qxg6+ Ng7 25. Qxh6 b6 26. Bd6 Qd7 27. Ng3 Re6 28.
Qh4 Rg6 29. Rae1 Nf5 30. Nxf5 Qxf5 31. Rc1 Rfg7 32. Rf2 Qe4 33. Rcc2 Qe1+ 34. Kh2 Rxg2+ 35. Rxg2 Qxh4 36. Rxc6 Qxf4+ 37. Kg1 Qe3+ 38. Kh2 Rxg2+ 39. Kxg2 d4 40. Rc8+ Kf7 41. Rc7+ Ke6 42. Re7+ Kd5 43. Rd7 Qe2+ 44. Kg3 d3 45. Bf8+ Ke6 46. Rd6+ Kf7 47.
Rf6+ Ke8 48. Bh6 Qxe5+ 49. Rf4 d2 0-1

[Event "*** SCC Grand Prix: Titled Tuesday Blitz"]
[Site "Chess.com"]
[Date "2020.06.02"]
[Round "5"]
[White "Galileo22"]
[Black "Maksimus1998"]
[Result "0-1"]
[WhiteElo "2364"]
[BlackElo "2524"]
[TimeControl "180+1"]
[EndTime "10:59:14 PDT"]
[Termination "Maksimus1998 won by resignation"]

1. c4 e5 2. g3 Nf6 3. Bg2 h6 4. Nc3 Bb4 5. h3 O-O 6. e4 d6 7.
Nge2 a6 8. O-O Nc6 9. Nd5 Bc5 10. d3 Nxd5 11. cxd5 Nd4 12. Kh2 c6 13. dxc6 bxc6 14. f4 Rb8 15. f5 f6 16. g4 d5 17. Ng3 a5 18. h4 Be7 19. Bh3 Ba6 20. Rf2 Nb5 21. Qf3 Bc5 22. Rg2 Nd4 23. Qd1 Be7 24. Nh5 dxe4 25. dxe4 Nb5 26. Qf3 Nd4 27. Qd1 Be2 28. Qa4 Bf3 29. Qc4+ Kh8 30. Rg3 Bxe4 31. b3 Qd5 32. Qf1 Nf3+ 33. Rxf3 Bxf3 34. Be3 Qe4 35. Qf2 Bxg4 36. Ng3 Qf3 37. Qd2 Bxh3 38. Bxh6 Qg2+ 39. Qxg2 Bxg2 40. Bxg7+ Kxg7 0-1

[Event "*** SCC Grand Prix: Titled Tuesday Blitz"]
[Site "Chess.com"]
[Date "2020.06.02"]
[Round "5"]
[White "TengisChess"]
[Black "Logman74"]
[Result "0-1"]
[WhiteElo "2496"]
[BlackElo "2375"]
[TimeControl "180+1"]
[EndTime "10:59:14 PDT"]
[Termination "Logman74 won by checkmate"]

1. c4 Nf6 2. Nc3 g6 3. h4 h5 4. e4 d6 5. d4 Bg7 6. f3 O-O 7. Be3 Nc6 8. Nge2 a6 9. Qd2 Rb8 10. Nc1 e5 11. d5 Nd4 12. Nb3 c5 13. dxc6 bxc6 14. Nxd4 exd4 15. Bxd4 Be6 16. b3 Qa5 17.
Rd1 c5 18. Be3 Ng4 19. Nd5 Qxd2+ 20. Bxd2 Bxd5 21. cxd5 Ne5 22. Kf2 f5 23. Re1 c4 24.
Bxc4 Nxc4 25. bxc4 Rb2 26. Re2 fxe4 27. Be3 exf3 28.
gxf3 Rb4 29. Rc1 Rc8 30. Rec2 Bf6 31. Kg3 Ra4 32. Bf4 Rd8 33. Re1 Rc8 34. Re6 Kf7 35. Rxd6 Rcxc4 36. Rxc4 Rxc4 37. Bg5 Be5+ 38. f4 Bxd6 39.
Kf3 Be7 40. Ke3 Bxg5 41. hxg5 h4 42. Kd3 Ra4 43. d6 h3 44. f5 Ra5 45. fxg6+ Ke6 46.
Ke4 Rxg5 47. d7 Kxd7 48. g7 Rxg7 49. a4 h2 50. a5 h1=Q+ 51. Kf5 Qf1+ 52. Ke5 Re7+ 53.
Kd4 Qd1+ 54. Kc5 Re2 55. Kb6 Rc2 56. Ka7 Qd6 57. Kb7 Rb2+ 58. Ka7 Qc7+ 59. Ka8 Qb7# 0-1

[Event "*** SCC Grand Prix: Titled Tuesday Blitz"]
[Site "Chess.com"]
[Date "2020.06.02"]
[Round "5"]
[White "WonderChampion"]
[Black "queen_iryna"]
[Result "1-0"]
[WhiteElo "1976"]
[BlackElo "2262"]
[TimeControl "180+1"]
[EndTime "10:59:14 PDT"]
[Termination "WonderChampion won by resignation"]

1. e4 d6 2. d4 Nf6 3. Nc3 e5 4. dxe5 dxe5 5. Qxd8+ Kxd8 6. Nf3 Bd6 7. Bc4 Ke8 8. Bg5 Bg4 9. Bxf6 gxf6 10. O-O Bxf3 11.
gxf3 c6 12. Rad1 Bb4 13. Ne2 b5 14. Bb3 a5 15. c3 Bc5 16. a3 a4 17. Ba2 Na6 18. Ng3 Nc7 19. Nf5 Ne6 20. Nd6+ Bxd6 21. Rxd6 Rg8+ 22. Kh1 Rc8 23. Rfd1 Rd8 24. Bxe6 Rxd6 25.
Rxd6 fxe6 26. Rxe6+ Kd7 27. Rxf6 Rg7 28. Rf5 Kd6 29.
Rf6+ Kc5 30. Re6 Kc4 31. Rd6 Kb3 32. Rd2 c5 33. h3 Rg6 34. Kh2 Rg5 35. h4 Rg6 36. f4 exf4 37. f3 Rg3 38. Re2 Rxf3 39. e5 Rg3 40. e6 Rg8 41. e7 Re8 42. Kg2 h5 43. Kf3 b4 44. cxb4 cxb4 45. axb4 Kxb4 46. Kxf4 Kb3 47. Kg5 Rg8+ 48. Kxh5 Rh8+ 49. Kg6 Re8 50. Kf7 Rxe7+ 51. Kxe7 1-0

[Event "*** SCC Grand Prix: Titled Tuesday Blitz"]
[Site "Chess.com"]
[Date "2020.06.02"]
[Round "5"]
[White "Savva09022009"]
[Black "CMS13"]
[Result "1-0"]
[WhiteElo "2393"]
[BlackElo "2219"]
[TimeControl "180+1"]
[EndTime "10:59:15 PDT"]
[Termination "Savva09022009 won by checkmate"]

1. d4 d5 2. Nc3 Nf6 3. Bf4 Bf5 4. e3 e6 5. f3 c5 6. g4 Bg6 7. h4 h5 8. g5 Nfd7 9. Bd3 Bxd3 10. Qxd3 Nc6 11.
Nge2 Be7 12. O-O-O a6 13. g6 f6 14. Bg3 Nf8 15. e4 c4 16. Qe3 Nxg6 17. exd5 exd5 18. f4 Qd7 19. Rhf1 f5 20. Ng1 O-O-O 21. Nf3 Rhe8 22. Ne5 Ncxe5 23. dxe5 d4 24. Qe2 b5 25. e6 Qc6 26.
Qxh5 Qxe6 27. Rfe1 Qf6 28. Ne2 d3 29. Nc3 b4 30. Na4 Qc6 31. Qxf5+ Kb7 32. Re6 Qxa4 33.
Qe4+ Ka7 34. Qe3+ Kb8 35. f5+ Bd6 36. Bxd6+ Rxd6 37. Rxe8+ Kc7 38. Qc5+ Rc6 39. Qa7+ Kd6 40. Qb8+ Rc7 41. Rd8+ Kc6 42. Qa8+ Kb6 43. Rb8+ Kc5 44. b3 Qa3+ 45. Kd2 c3+ 46. Ke3 Re7+ 47. Kf3 Ne5+ 48. Kf4 dxc2 49. Rc8+ Nc6 50. Qxc6# 1-0

[Event "*** SCC Grand Prix: Titled Tuesday Blitz"]
[Site "Chess.com"]
[Date "2020.06.02"]
[Round "5"]
[White "diablanni"]
[Black "ecwinslow"]
[Result "0-1"]
[WhiteElo "2331"]
[BlackElo "2149"]
[TimeControl "180+1"]
[EndTime "10:59:15 PDT"]
[Termination "ecwinslow won on time"]

1. e4 c5 2. Nf3 d6 3. Bb5+ Nd7 4.
d4 Nf6 5. Nc3 cxd4 6. Qxd4 e5 7.
Qd3 h6 8. Be3 Be7 9. Bc4 O-O 10.
O-O Nb6 11. Bb3 Be6 12. Nh4 Rc8 13. Rab1 a6 14. Ng6 Nc4 15. Nxe7+ Qxe7 16. Rfd1 Rc6 17.
f3 Rfc8 18. Bf2 Nxb2 19. Rxb2 Rxc3 20. Qxd6 Qxd6 21. Rxd6 Bxb3 22. axb3 Rxc2 23. Rxc2 Rxc2 24. g3 Rc6 25. Rxc6 bxc6 26. Bc5 Nd7 27. Bd6 f6 28. Kf2 Kf7 29. Ke3 h5 30. Kd3 Ke6 31. Ba3 c5 32.
Kc4 Kd6 33. Bc1 Kc6 34. Be3 Nb6+ 35. Kc3 Kb5 36. Bf2 a5 37. Kb2 a4 38. Ka3 axb3 39.
Kxb3 c4+ 40. Kc2 Na4 41. Be1 Nc5 42. Bf2 Nd3 43. Be3 Nc5 44. h3 Na4 45. g4 hxg4 46.
hxg4 Kb4 47. g5 c3 48. gxf6 gxf6 49. Bh6 Kc4 50. Bg7 Nc5 51. Bxf6 Nd3 52. Bh4 Nb4+ 53. Kc1 Kd3 54. Bg5 c2 55. Kb2 Nc6 0-1

[Event "*** SCC Grand Prix: Titled Tuesday Blitz"]
[Site "Chess.com"]
[Date "2020.06.02"]
[Round "5"]
[White "NewBornNow"]
[Black "Chessmatus"]
[Result "0-1"]
[WhiteElo "2682"]
[BlackElo "2533"]
[TimeControl "180+1"]
[EndTime "10:59:17 PDT"]
[Termination "Chessmatus won by resignation"]

1. e4 e5 2. Nf3 Nc6 3. Bb5 Nf6 4. d3 Bc5 5. O-O d6 6. c3 O-O 7. h3 Ne7 8. d4 Bb6 9. Re1 c6 10. Bd3 Ng6 11. Nbd2 Re8 12. Nf1 d5 13. Bg5 dxe4 14. Bxe4 exd4 15. cxd4 Be6 16. Bc2 h6 17. Be3 Nd5 18.
Bd2 Ndf4 19. Be3 Ba5 20. Bd2 Bxd2 21. Qxd2 Qb6 22. Be4 Rad8 23. Ng3 Bd5 24. Bxg6 Nxg6 25. Ne5 Nxe5 26. Rxe5 Rxe5 27. dxe5 Bxg2 28. Qf4 Bxh3 29. Nh5 Qd4 30. Kh2 Qxf4+ 31. Nxf4 Bf5 32. Kg3 Rd2 33. b4 g5 34. Nh5 Re2 35. f4 Re3+ 36. Kf2 gxf4 37.
Rg1+ Kf8 38. Rd1 Rxe5 39. Rd8+ Ke7 40. Rb8 Rb5 41. a3 b6 42. Rb7+ Bd7 43. Nxf4 Kd8 44. Rxa7 Rf5 45. Ke3 h5 46. Ra8+ Kc7 47. Rh8 Re5+ 48.
Kd4 Re1 49. Rxh5 Rd1+ 50. Kc3 Ra1 51. Kb2 Rf1 52. Nd3 Be6 53. Rh6 Rf3 54. Ne5 Rb3+ 55. Ka2 Re3+ 56. Kb2 Rxe5 0-1